 Dungeon Crawl Stone Soup version 0.28-a0-1087-gf3fc490d9d (webtiles) character file.

Game seed: 16512140925451713586

156 ytrimaz the Insei (level 5, -2/34 HPs)
             Began as an Octopode Transmuter on Dec 10, 2021.
             Killed by an exploding orc (25 damage)
             ... ignited by their inner flame
             ... on level 3 of the Dungeon.
             The game lasted 00:02:21 (3956 turns).

ytrimaz the Insei (Octopode Transmuter)             Turns: 3956, Time: 00:02:22

Health: -2/34      AC:  1    Str: 10    XL:     5   Next: 37%
Magic:  0/9        EV: 13    Int: 17    God:
Gold:   92         SH:  0    Dex: 18    Spells: 4/10 levels left

rFire   . . .      SeeInvis .     - Unarmed
rCold   . . .      Faith    .   (no shield)
rNeg    + . .      Spirit   +   (helmet restricted)
rPois   .          Reflect  .   b - amulet of guardian spirit
rElec   .          Harm     .   c - ring of positive energy
rCorr   .          Rampage  .   d - +6 ring of dexterity
Will    .....                   (no ring)
Stlth   +++.......              (no ring)
HPRegen 0.11/turn               (no ring)
MPRegen 0.11/turn               (no ring)
                                (no ring)
                                (no ring)

@: no status effects
A: almost no armour, amphibious, 8 rings, camouflage 1, gelatinous body 1,
(nimble swimmer 1), tentacles
a: no special abilities


You were on level 3 of the Dungeon.
You visited 1 branch of the dungeon, and saw 3 of its levels.

You collected 92 gold pieces.

Inventory:

Jewellery
 a - a ring of ice
 b - an amulet of guardian spirit (around mantle)
 c - a ring of positive energy (left tentacle)
 d - a +6 ring of dexterity (right tentacle)
Potions
 g - a potion of attraction {unknown}


   Skills:
 * Level 2.1 Fighting
 - Level 2.0 Dodging
 + Level 4.1 Unarmed Combat
 * Level 3.0 Spellcasting
 * Level 3.1 Transmutations


You had 4 spell levels left.
You knew the following spells:

 Your Spells              Type           Power      Damage    Failure   Level
a - Beastly Appendage     Tmut           26%        N/A       4%          1
b - Spider Form           Tmut/Pois      7%         N/A       28%         3
c - Wereblood             Tmut           13%        N/A       8%          2

Your spell library contained the following spells:

 Spells                   Type           Power      Damage    Failure   Level
 Dazzling Flash           Conj/Hex       4%         N/A       45%         3
 Ice Form                 Ice/Tmut       7%         N/A       67%         4
 Agony                    Necr           2%         N/A       99%         5
 Silence                  Hex/Air        1%         N/A       99%         5


Dungeon Overview and Level Annotations

Branches:
Dungeon (3/15)

Altars:

Shops:
D:2 (


Innate Abilities, Weirdness & Mutations

You cannot wear most types of armour.
You are amphibious.
You can wear up to eight rings at the same time.
Your skin changes colour to match your surroundings (Stealth+).
Your rubbery body absorbs attacks. (AC +1, EV +1)
((You are camouflaged near water. (Stealth+)))
You have tentacles for arms and can constrict up to eight enemies at once.


Message History

You tentacle-slap the endoplasm.
You kill the endoplasm!
The goblin completely misses you.
You barely miss the goblin. You grab the goblin. You constrict the goblin.
The goblin misses you.
Unknown command.
You tentacle-slap the goblin.
You kill the goblin!
f - a scroll labelled REPELA AXZAE
Things that are here:
a +0 dagger; a goblin corpse
g - a ruby potion A goblin comes into view.
It is wielding a +0 dagger.
A goblin is nearby!
A goblin is nearby!
You closely miss the goblin. You grab the goblin. You squeeze the goblin.
You kill the goblin!
No target in view!
No target in view!
Things that are here:
a +0 dagger; a goblin corpse An orc comes into view.
It is wielding a +0 dagger.
The orc shouts!
An orc is nearby!
As you read the scroll labelled NONOPT VINORE, it crumbles to dust.
Your body is wracked with pain!
The orc convulses!
It was a scroll of torment.
The orc closely misses you.
Unknown command.
As you read the scroll labelled REPELA AXZAE, it crumbles to dust.
The creatures around you are filled with an inner flame!
It was a scroll of immolation.
The orc barely misses you.
Unknown command.
You tentacle-slap the orc.
Flame seeps out of the orc.
You grab the orc.
The orc is severely wounded.
You constrict the orc.
Flame seeps out of the orc.
The orc is engulfed in blazing flames.
The orc explodes!
The fiery explosion engulfs you!!
Ouch! That really hurt!
You die...

###### ##....#
♣P.♣♣.# ♣♣≈P♣@#
♣≈.♣♣§○§###
♣≈≈≈♣♣♣§..#
♣♣♣♣≈♣♣♣♣♣♣.#
♣≈♣≈≈≈.)P≈≈♣..######
..≈≈≈≈≈.≈≈≈≈≈.......#
.≈♣♣≈...≈♣♣♣≈♣......#
♣♣♣♣.♣♣ ♣♣♣......#
♣P≈♣ ♣........# . ..


There were no monsters in sight!

Vanquished Creatures
  Robin (D:2)
  3 gnolls (D:3)
  3 adders
  An adder skeleton (D:2)
  A worm (D:2)
  3 dart slugs
  An orc (D:3)
  7 endoplasms
  4 giant cockroaches
  16 goblins
  8 hobgoblins
  3 quokkas
  8 ball pythons
  A bat (D:3)
  6 frilled lizards
  3 kobolds
  7 rats
76 creatures vanquished.

Notes
Turn   | Place    | Note
-------+----------+-------------------------------------------
     0 | D:1      | ytrimaz the Octopode Transmuter began the quest for the
                  | Orb.
     0 | D:1      | Reached XP level 1. HP: 13/13 MP: 3/3
   301 | D:1      | Reached XP level 2. HP: 13/18 MP: 5/5
   986 | D:1      | Reached XP level 3. HP: 10/23 MP: 4/6
   994 | D:1      | Learned a level 3 spell: Spider Form
   997 | D:1      | Learned a level 2 spell: Wereblood
  1720 | D:2      | Noticed Robin
  1746 | D:2      | Killed Robin
  1931 | D:2      | Reached XP level 4. HP: 15/28 MP: 7/7
  2571 | D:2      | Found Usarae Daeng's Antique Weapon Boutique.
  3179 | D:2      | Found a faded altar of an unknown god.
  3322 | D:3      | Reached XP level 5. HP: 27/34 MP: 9/9
  3637 | D:3      | Reached skill level 4 in Unarmed Combat
  3956 | D:3      | Killed by an exploding orc... ignited by their inner flame

Illustrated notes

Levels and vault maps discovered:
D:1:      onia_arrival_mini_maze_b, layout_basic, chequers_mini_garden
D:2:      layout_loops_corners, hellmonk_ecumenical_altar_leap_of_faith,
          serial_shops, shop_statue, uniq_robin
D:3:      layout_rooms, serial_bayou_crossing, uniq_ijyb

Skill      XL: |  1  2  3  4  5 |
---------------+----------------+-----
Transmutations | 3 |  3.1
Fighting       | 2 |  2.1
Spellcasting   | 3 |  3.0
Unarmed Combat | 4 |  4.1
Dodging        | |  2.0

Action                   |  1- 3 |  4- 6 || total
-------------------------+-------+-------++-------
Melee: Unarmed           |    76 |    80 ||   156
       Constrict         |    19 |    20 ||    39
       Tentacles         |    13 |    17 ||    30
       Kick              |    10 |     9 ||    19
       Punch             |       |     3 ||     3
 Cast: Beastly Appendage |    13 |     9 ||    22
       Wereblood         |     2 |       ||     2
       Spider Form       |       |     2 ||     2
  Use: Scroll            |     2 |     2 ||     4
 Stab: Sleeping          |     6 |     3 ||     9
Armor: Skin              |     4 |     4 ||     8
Dodge: Dodged            |    51 |    60 ||   111

Table legend: (Time is in decaauts)
 A = Elapsed time spent in this place.
 B = Non-inter-level travel time spent in this place.
 C = Inter-level travel time spent in this place.
 D = Time resting spent in this place.
 E = Time spent auto-exploring this place.
 F = Levels seen in this place.
 G = Mean time per level.
                   A        B        C        D        E       F      G
               +--------+--------+--------+--------+--------+-----+--------+
         Total |   3945 |   3828 |    117 |    486 |   2863 |   3 | 1315.0 |
       Dungeon |   3945 |   3828 |    117 |    486 |   2863 |   3 | 1315.0 |
               +--------+--------+--------+--------+--------+-----+--------+

Top non-repeatable levels by time:
     D:2: 1839 daAuts
     D:1: 1593 daAuts
     D:3: 511 daAuts
